 Dungeon Crawl Stone Soup version 0.29-a0-11-ga75d3d97ab (webtiles) character file.

Game seed: 12487209740065523295

15 shoop the Sneak (level 2, -1/18 HPs)
             Began as a Vampire Delver on Jan 28, 2022.
             Was a Follower of Uskayaw.
             Slain by a phantom (3 damage)
             ... on level 3 of the Dungeon.
             The game lasted 00:03:31 (519 turns).

shoop the Sneak (Vampire Delver)                     Turns: 519, Time: 00:03:31

Health: -1/18      AC:  5    Str: 11    XL:     2   Next: 34%
Magic:  2/2        EV: 12    Int: 12    God:    Uskayaw [*.....]
Gold:   14         SH:  5    Dex: 15    Spells: 1/1 levels left

rFire   . . .      SeeInvis +   a - +0 short sword
rCold   + + .      Faith    .   (no shield)
rNeg    + + +      Spirit   .   b - +0 leather armour
rPois   ∞          Reflect  +   l - +0 helmet
rElec   .          Harm     .   (no cloak)
rCorr   .          Rampage  .   (no gloves)
Will    .....                   i - +0 pair of boots
Stlth   +++++.....              h - amulet of reflection
HPRegen 0.00/turn               (no ring)
MPRegen 0.08/turn               (no ring)

@: bloodless, inhibited regen
A: bloodless, fangs 3, see invisible, vampiric 1
a: Revivify, Renounce Religion, Stomp


You were on level 3 of the Dungeon.
You worshipped Uskayaw.
Uskayaw was noncommittal.
You visited 1 branch of the dungeon, and saw 3 of its levels.

You collected 14 gold pieces.

Inventory:

Hand Weapons
 a - a +0 short sword (weapon)
Armour
 b - a +0 leather armour (worn)
 i - a +0 pair of boots (worn)
 l - a +0 helmet (worn)
Jewellery
 h - an amulet of reflection (around neck)
Wands
 g - a wand of digging (3)
Scrolls
 c - a scroll of fog
 d - a scroll of magic mapping
 e - a scroll of fear
 j - a scroll of holy word {unknown}
Potions
 f - a potion of haste
 k - a potion of heal wounds {unknown}


   Skills:
 - Level 2.7 Fighting
 + Level 3.2 Short Blades
 - Level 2.2 Dodging
 - Level 7.3 Stealth


You had one spell level left.
You didn't know any spells.
Your spell library was empty.

Dungeon Overview and Level Annotations

Branches:
Dungeon (5/15)
 Temple: D:4-7

Altars:
Uskayaw

Annotations:
D:3 exclusions: adder and orc


Innate Abilities, Weirdness & Mutations

You do not regenerate when monsters are visible.
You are frail without blood (-20% HP).
You can heal yourself when you bite living creatures.
You are immune to poison.
You have razor-sharp teeth.
You have supernaturally acute eyesight. (SInv)
You are afflicted with vampirism.


Message History

The phantom is heavily damaged.
The phantom hits you!
You can now pass through a line of other dancers.
You hit the phantom.
The phantom is heavily damaged.
The phantom barely misses you.
You barely miss the phantom. Your bite misses the phantom.
The phantom is heavily damaged.
The phantom closely misses you.
You miss the phantom.
The phantom is heavily damaged.
The phantom barely misses you.
You hit the phantom but do no damage.
The phantom is heavily damaged.
The phantom hits you.
The phantom blinks!
You blink.
A hobgoblin comes into view.
You closely miss the phantom.
The phantom is heavily damaged.
The phantom hits you but does no damage.
You closely miss the phantom.
The phantom is heavily damaged.
The phantom misses you.
The hobgoblin shouts!
You closely miss the phantom.
The phantom is heavily damaged.
The phantom barely misses you.
You can no longer pass through a line of other dancers.
You closely miss the hobgoblin. The hobgoblin barely misses you.
The phantom hits you but does no damage.
You completely miss the hobgoblin. Your bite misses the hobgoblin.
The hobgoblin hits you.
* * * LOW HITPOINT WARNING * * *
You block the phantom's attack. The hobgoblin closely misses you.
You hit the hobgoblin.
You kill the hobgoblin!
You barely miss the phantom.
The phantom is heavily damaged.
The phantom hits you.
You die...

...####....#
^...#......## .#
#.....#..#..####.#
#(....#.##.....#.#
#...#.#.##.#.#...#
#####)#.##......#
##### #.#.#..#
.#..# ##.....####
....# #...$..W@.#
....# #...#####..#
#...#. ##### #.#
##....# .# ......#
# ###.... # #### #
#


You could see a phantom.

Vanquished Creatures
  An adder skeleton (D:4)
  2 dart slugs
  An endoplasm (D:3)
  2 hobgoblins (D:3)
  2 bats (D:3)
  A frilled lizard (D:3)
9 creatures vanquished.

Notes
Turn   | Place    | Note
-------+----------+-------------------------------------------
     0 | D:5      | shoop the Vampire Delver began the quest for the Orb.
     0 | D:5      | Reached XP level 1. HP: 17/17 MP: 1/1
     2 | D:5      | Noticed an ogre
    66 | D:5      | Became a worshipper of Uskayaw the Reveller
    95 | D:5      | Noticed an acid dragon
   117 | D:5      | Noticed an iguana
   132 | D:4      | Noticed an iguana
   135 | D:4      | Noticed an iguana
   177 | D:4      | Reached * piety under Uskayaw
   333 | D:3      | Reached XP level 2. HP: 18/18 MP: 2/2
   416 | D:3      | Reached ** piety under Uskayaw
   483 | D:3      | Noticed a phantom
   519 | D:3      | Slain by a phantom

Illustrated notes

Levels and vault maps discovered:
D:3:      layout_rooms, serial_co_window_serial, co_window_paths_b,
          co_window_corner_a, co_window_paths_a, co_window_of_opportunity_a,
          co_window_paths_b, co_window_cross_1, co_window_paths_b,
          co_window_corner_a, co_window_corner_a, co_window_of_opportunity_b,
          co_window_unsneaky_path_a, co_window_corner_b, co_window_2corner,
          co_window_broadway_b, co_window_2corner, glass_columns_c,
          glass_columns_a, glass_columns_c, glass_columns_a, uniq_terence,
          uniq_jessica
D:4:      layout_gridville, nicolae_gozag_seed_capital, chequers_jeans
D:5:      cheibrodos_helix_gallery, layout_loops_ring,
          mainiacjoe_overflow_concentric_impassable, minmay_temple_entry_hall,
          kennysheep_generic_room_6

Skill      XL: |  1  2 |
---------------+-------+-----
Short Blades   | 3 |  3.2
Fighting       | |  2.7
Dodging        | |  2.2
Stealth        | |  7.3

Action                   || total
-------------------------++-------
Melee: Short sword       ||    34
       Bite              ||     4
 Abil: Exsanguinate      ||     1
 Stab: Sleeping          ||     4
Armor: Leather armour    ||     9
Dodge: Dodged            ||    13
Block: Other             ||     5

Table legend: (Time is in decaauts)
 A = Elapsed time spent in this place.
 B = Non-inter-level travel time spent in this place.
 C = Inter-level travel time spent in this place.
 D = Time resting spent in this place.
 E = Time spent auto-exploring this place.
 F = Levels seen in this place.
 G = Mean time per level.
                   A        B        C        D        E       F      G
               +--------+--------+--------+--------+--------+-----+--------+
         Total |    518 |    518 |      0 |     13 |    141 |   3 |  172.7 |
       Dungeon |    518 |    518 |      0 |     13 |    141 |   3 |  172.7 |
               +--------+--------+--------+--------+--------+-----+--------+

Top non-repeatable levels by time:
     D:3: 277 daAuts
     D:5: 132 daAuts
     D:4: 109 daAuts
